[Event "ICC tourney 1955 (60 10)"]
[Site "Internet Chess Club"]
[Date "2020.08.07"]
[Round "1"]
[White "abi2009"]
[Black "Adhvaith0406"]
[Result "0-1"]
[ICCResult "White resigns"]
[WhiteElo "1777"]
[BlackElo "2006"]
[Opening "Sicilian: Canal-Sokolsky attack, 3...Bd7"]
[ECO "B52"]
[NIC "SI.01"]
[Time "12:21:45"]
[TimeControl "3600+10"]

1. e4 c5 2. Nf3 d6 3. Bb5+ Bd7 4. Bxd7+ Qxd7 5. Nc3 Nf6 6. O-O Nc6 7. d4
cxd4 8. Nxd4 e6 9. f4 d5 10. e5 Bc5 11. Be3 Ne4 12. Nxe4 dxe4 13. Nf5 Bxe3+
14. Nxe3 O-O-O 15. Qe2 Qd2 16. Qxd2 Rxd2 17. Rad1 Rhd8 18. Rxd2 Rxd2 19. Rf2
Rxf2 20. Kxf2 b5 21. c3 Kd7 22. Nc2 f6 23. exf6 gxf6 24. Ke3 f5 25. g4 Kd6
26. Nd4 Nxd4 27. Kxd4 fxg4 28. Kxe4 h5 29. f5 e5 30. f6 h4 31. b3 g3 32.
hxg3 h3 33. Kf3 e4+ 34. Kf2 e3+ 35. Kxe3 h2 36. f7 Ke7 37. Kf2 h1=Q
{White resigns}
0-1

[Event "ICC tourney 1955 (60 10)"]
[Site "Internet Chess Club"]
[Date "2020.08.07"]
[Round "1"]
[White "firewoods"]
[Black "chessisthebest1"]
[Result "1/2-1/2"]
[ICCResult "Game drawn by mutual agreement"]
[WhiteElo "2157"]
[BlackElo "1891"]
[Opening "Sicilian: Najdorf, Byrne (English) attack"]
[ECO "B90"]
[NIC "SI.14"]
[Time "12:22:47"]
[TimeControl "3600+10"]

1. e4 c5 2. Nf3 d6 3. d4 cxd4 4. Nxd4 Nf6 5. Nc3 a6 6. Be3 e5 7. Nb3 Be6 8.
f3 h5 9. Qd2 Nbd7 10. Be2 Be7 11. O-O Rc8 12. a4 Qc7 13. Nd5 Bxd5 14. exd5
Bd8 15. a5 Qxc2 16. Rac1 Qxd2 17. Bxd2 Rxc1 18. Bxc1 O-O 19. Rd1 Be7 20. Be3
Rc8 21. Rd2 g6 22. Kf2 Nh7 23. g3 h4 24. Rd1 Bg5 25. f4 Bd8 26. Bd3 Nhf6 27.
Kf3 Nxd5 28. Be4 Nxe3 29. Rxd6 Rc7 30. Kxe3 exf4+ 31. gxf4 Be7 32. Rd1 Kg7
33. Rc1 Rxc1 34. Nxc1 Bc5+ 35. Kf3 b6 36. axb6 Bxb6 37. b4 f5 38. Bd3 a5 39.
bxa5 Bxa5 40. Ne2 Nc5 41. Bc4 Ne4 42. Bd5 Nd2+ 43. Kg2 Kh6 44. Nd4 Bb6 45.
Nf3 Nxf3 46. Kxf3 Bc7 47. Be6 Kg7 48. Bc8 Kf6 49. h3 Ke7 50. Ba6 Kd6 51. Bc4
Bd8 52. Bf7 g5 53. Bg6 Ke6 54. Bxf5+ Kxf5 55. fxg5
{Game drawn by mutual agreement}
1/2-1/2

[Event "ICC tourney 1955 (60 10)"]
[Site "Internet Chess Club"]
[Date "2020.08.07"]
[Round "1"]
[White "piplup0621"]
[Black "cdj12417489"]
[Result "1-0"]
[ICCResult "Black forfeits on time"]
[WhiteElo "1903"]
[BlackElo "1311"]
[Opening "King's Indian: fianchetto, classical variation, 8.e4"]
[ECO "E68"]
[NIC "KI.64"]
[Time "12:22:21"]
[TimeControl "3600+10"]

1. Nf3 Nf6 2. c4 g6 3. d4 Bg7 4. g3 O-O 5. Bg2 d6 6. Nc3 Nbd7 7. O-O e5 8.
e4 exd4 9. Nxd4 c6 10. h3 Re8 11. Re1 Nf8 12. Be3 Ne6 13. Qd2 Nxd4 14. Bxd4
Be6 15. b3 Qd7 16. Kh2 h6 17. Rac1 Kh7 18. f4 Ng8 19. Bxg7 Kxg7 20. Qd4+ Kh7
21. Rcd1 Red8 22. g4 f5 23. gxf5 gxf5 24. e5 d5 25. cxd5 cxd5 26. Nxd5 Bxd5
27. Bxd5 Qe7 28. Qd3 Qf8 29. Bxg8+ Kxg8 30. Qc4+ Kh8 31. e6 Qe7 32. Qc3+ Kh7
33. Qe5 Rxd1 34. Qxf5+ Kh8 35. Qe5+ Kh7 36. Rxd1 {Black forfeits on time}
1-0

[Event "ICC tourney 1955 (60 10)"]
[Site "Internet Chess Club"]
[Date "2020.08.07"]
[Round "1"]
[White "PearsonH"]
[Black "chessrani"]
[Result "0-1"]
[ICCResult "White resigns"]
[WhiteElo "1762"]
[BlackElo "2003"]
[Opening "Queen's pawn, Mason variation"]
[ECO "D00"]
[NIC "QP.08"]
[Time "12:21:40"]
[TimeControl "3600+10"]

1. d4 d5 2. Bf4 Nf6 3. e3 e6 4. Nd2 c5 5. c3 Nc6 6. Bd3 Bd6 7. Bg3 O-O 8.
Ngf3 Qe7 9. Ne5 Bxe5 10. dxe5 Nd7 11. Nf3 f6 12. exf6 Nxf6 13. O-O e5 14.
Nd2 e4 15. Bc2 Bg4 16. Qe1 Rae8 17. h3 Bh5 18. Bh4 Ne5 19. Qb1 Ng6 20. Bg3
Rd8 21. Re1 Qe6 22. c4 dxc4 23. Nxe4 Nxe4 24. Bxe4 b5 25. a4 Rde8 26. f3 b4
27. Qc2 Rd8 28. Rac1 c3 29. bxc3 b3 30. Qb2 c4 31. Rcd1 Ne5 32. Rd2 Nd3 33.
Bxd3 Rxd3 34. Rxd3 cxd3 35. Rb1 Rd8 36. e4 Qc4 37. Bf4 Bf7 38. a5 Qc5+ 39.
Kf1 d2 {White resigns} 0-1

[Event "ICC tourney 1955 (60 10)"]
[Site "Internet Chess Club"]
[Date "2020.08.07"]
[Round "1"]
[White "Monkeybomb3605"]
[Black "Zuiopal"]
[Result "1-0"]
[ICCResult "Black checkmated"]
[WhiteElo "2022"]
[BlackElo "1730"]
[Opening "Caro-Kann: Tartakower (Nimzovich) variation"]
[ECO "B15"]
[NIC "CK.06"]
[Time "12:21:37"]
[TimeControl "3600+10"]

1. e4 c6 2. d4 d5 3. Nc3 dxe4 4. Nxe4 Nf6 5. Nxf6+ exf6 6. c3 Bd6 7. Bd3 O-O
8. Qc2 Re8+ 9. Ne2 g6 10. O-O Qc7 11. h3 Nd7 12. Be3 b6 13. c4 c5 14. Nc3
Bb7 15. Nb5 Qb8 16. Nxd6 Qxd6 17. d5 Ne5 18. Rae1 Bc8 19. Be2 Bf5 20. Qc3 h5
21. f4 Nd7 22. Bf3 Kg7 23. Bc1 h4 24. Re3 Nf8 25. Rfe1 Qd7 26. b3 Rad8 27.
Qxf6+ Kxf6 28. Bb2+ Re5 29. Rxe5 Be6 30. Rxe6+ Kf5 31. Rf6# {Black
checkmated} 1-0

[Event "ICC tourney 1955 (60 10)"]
[Site "Internet Chess Club"]
[Date "2020.08.07"]
[Round "1"]
[White "adchess"]
[Black "sirking2800"]
[Result "1-0"]
[ICCResult "Black resigns"]
[WhiteElo "1813"]
[BlackElo "1980"]
[Opening "King's Indian: Petrosian system"]
[ECO "E92"]
[NIC "KI.17"]
[Time "12:22:39"]
[TimeControl "3600+10"]

1. d4 Nf6 2. Nf3 g6 3. c4 Bg7 4. Nc3 O-O 5. e4 d6 6. Be2 e5 7. d5 Na6 8. O-O
Nc5 9. Qc2 a5 10. Bg5 h6 11. Be3 b6 12. h3 Bd7 13. Nd2 Ne8 14. Bg4 f5 15.
exf5 gxf5 16. Be2 Kh8 17. a3 f4 18. Bxc5 bxc5 19. b3 Rg8 20. Kh1 Qc8 21. Kh2
Nf6 22. Rab1 Rb8 23. Bd3 Bf8 24. Rg1 Be7 25. Nf3 Rg7 26. Ne4 Qa6 27. Nxf6
Bxf6 28. Bf5 Qc8 29. Bxd7 Qxd7 30. Qe4 Bg5 31. Nd2 Qf7 32. Qf3 Qf5 33. Ne4
Rgg8 34. Rb2 Rb6 35. Rgb1 Rgb8 36. Kh1 Be7 37. Qe2 Rf8 38. f3 Rfb8 39. Qd2
Qc8 40. b4 axb4 41. axb4 cxb4 42. Rxb4 Qa6 43. Rxb6 Rxb6 44. Rxb6 Qxb6 45.
Qa2 Qb8 46. Kh2 Bh4 47. Qa5 Kg7 48. Qa4 Qc8 49. Qc6 Qd8 50. Qb7 Bg3+ 51. Kg1
Qd7 52. c5 Kg6 53. cxd6 Qa4 54. Qb1 cxd6 55. Nc5+ {Black resigns} 1-0

[Event "ICC tourney 1955 (60 10)"]
[Site "Internet Chess Club"]
[Date "2020.08.07"]
[Round "1"]
[White "Sina101"]
[Black "Mozart1"]
[Result "1-0"]
[ICCResult "Black resigns"]
[WhiteElo "2200"]
[BlackElo "1879"]
[Opening "QGD: exchange, positional line, 5...c6"]
[ECO "D35"]
[NIC "QO.16"]
[Time "12:22:26"]
[TimeControl "3600+10"]

1. d4 d5 2. c4 e6 3. Nc3 Nf6 4. cxd5 exd5 5. Bg5 c6 6. e3 Qb6 7. Qc2 Ne4 8.
Bf4 Bb4 9. Bd3 Bf5 10. Ne2 Bg6 11. O-O Nf6 12. a3 Be7 13. b4 Nbd7 14. Na4
Qd8 15. Nc5 Nxc5 16. bxc5 Nh5 17. Be5 Bf6 18. g4 Bxd3 19. Qxd3 Bxe5 20. dxe5
Qg5 21. h3 f5 22. f4 Qg6 23. Kf2 O-O-O 24. gxh5 Qxh5 25. Ng3 Qh4 26. Qxf5+
Kb8 27. Qg4 Qe7 28. Rac1 Rhf8 29. Kg2 d4 30. Nf5 Qf7 31. Nxd4 Qa2+ 32. Qe2
Qd5+ 33. Qf3 Qa2+ 34. Rc2 Qf7 35. Rb2 Ka8 36. Kh2 Qd5 37. Qxd5 Rxd5 38. e6
Re8 39. Rc2 Kb8 40. f5 Re5 41. Rf3 Kc7 42. h4 Re4 43. Kh3 Re7 44. h5 h6 45.
Rg2 Re5 46. Rfg3 Kd8 47. Rxg7 Rxe3+ 48. R7g3 Re5 49. Rg8+ Kc7 50. R8g7 Kd8
51. Rxe7 Kxe7 52. Rg7+ Kf6 53. Rf7+ {Black resigns} 1-0

[Event "ICC tourney 1955 (60 10)"]
[Site "Internet Chess Club"]
[Date "2020.08.07"]
[Round "1"]
[White "BirchRun"]
[Black "MATEPROOF"]
[Result "1/2-1/2"]
[ICCResult "Game drawn by mutual agreement"]
[WhiteElo "1895"]
[BlackElo "2164"]
[Opening "Queen's pawn: London system"]
[ECO "A45"]
[NIC "QP.07"]
[Time "12:22:11"]
[TimeControl "3600+10"]

1. d4 Nf6 2. Bf4 c5 3. e3 cxd4 4. exd4 g6 5. c3 Bg7 6. Nd2 O-O 7. Ngf3 d6 8.
h3 Nbd7 9. Bc4 e5 10. dxe5 dxe5 11. Bh2 e4 12. Nd4 Nb6 13. Bb3 e3 14. fxe3
Nfd5 15. Qf3 Nxe3 16. Qxe3 Re8 17. Ne4 Bf5 18. Nxf5 gxf5 19. O-O Rxe4 20.
Qf3 Qe8 21. Qxf5 Nc4 22. Bxc4 Rxc4 23. Rae1 Qf8 24. Bd6 Qc8 25. Qxf7+ Kh8
26. Re7 Qg8 27. Qxg8+ Kxg8 28. Rff7 Bf8 29. Rxh7 Bxe7 30. Rxe7 b5 31. Rb7
Rd8 32. Be5 Rd1+ 33. Kh2 Re4 34. Rxb5 Rd2 35. Bd4 a6 36. Rb7 Ree2 37. Rg7+
Kf8 38. Rg6 Rxb2 39. h4 Rxa2 40. h5 Ra5 41. h6 Rh5+ 42. Kg3 a5 43. Kg4 Rh1
44. g3 a4 45. Ra6 Kf7 46. Kg5 Re6 47. Ra7+ Kg8 48. Bg7 Kh7 49. Rxa4 Rg6+ 50.
Kf4 Rf1+ 51. Ke3 Rxg3+ 52. Ke2 Rf7 53. Re4 Rfxg7
{Game drawn by mutual agreement}
1/2-1/2

[Event "ICC tourney 1955 (60 10)"]
[Site "Internet Chess Club"]
[Date "2020.08.07"]
[Round "1"]
[White "annameiyappan"]
[Black "VeronicaG"]
[Result "1-0"]
[ICCResult "Black checkmated"]
[WhiteElo "2104"]
[BlackElo "1821"]
[Opening "Caro-Kann: anti-anti-Caro-Kann defense"]
[ECO "B10"]
[NIC "CK.01"]
[Time "12:22:46"]
[TimeControl "3600+10"]

1. e4 c6 2. c4 d5 3. exd5 cxd5 4. cxd5 Qxd5 5. Nf3 Nf6 6. Nc3 Qd8 7. d4 Bg4
8. Be2 e6 9. O-O Bd6 10. Bg5 O-O 11. Ne5 Bf5 12. f4 Nbd7 13. g4 Bg6 14. Bh4
h6 15. Nxg6 fxg6 16. Bc4 Re8 17. f5 gxf5 18. gxf5 Bxh2+ 19. Kh1 Nf8 20. fxe6
Kh8 21. Bxf6 gxf6 22. Qh5 Qxd4 23. Qxh6+ Nh7 24. Bd5 Be5 25. Be4 Re7 26.
Rad1 Qc4 27. Bd5 Qb4 28. Ne4 Qxb2 29. Rf2 Qb5 30. Nxf6 Bxf6 31. Rxf6 Qe2 32.
Rdf1 Rg8 33. Rf8 Qg4 34. R8f7 Rxf7 35. exf7 Rf8 36. Rg1 Qxg1+ 37. Kxg1 a5
38. Qg6 Nf6 39. Qxf6+ Kh7 40. Be4# {Black checkmated} 1-0

[Event "ICC tourney 1955 (60 10)"]
[Site "Internet Chess Club"]
[Date "2020.08.07"]
[Round "1"]
[White "ORSAJack88"]
[Black "Coolbull"]
[Result "1-0"]
[ICCResult "Black resigns"]
[WhiteElo "2097"]
[BlackElo "1802"]
[Opening "Ruy Lopez: closed defense"]
[ECO "C84"]
[NIC "RL.13"]
[Time "12:21:58"]
[TimeControl "3600+10"]

1. e4 e5 2. Nf3 Nc6 3. Bb5 a6 4. Ba4 Nf6 5. O-O Be7 6. d3 b5 7. Bb3 O-O 8.
c3 d6 9. h3 Na5 10. Bc2 c5 11. Be3 Qc7 12. Ne1 Nc6 13. f4 Bb7 14. Nd2 Qb6
15. Qe2 d5 16. fxe5 Nxe5 17. d4 cxd4 18. cxd4 Nc4 19. Nxc4 dxc4 20. e5 Nd5
21. Bf2 Bb4 22. Qh5 g6 23. Qh6 Rfe8 24. Nf3 Bf8 25. Qh4 Be7 26. Ng5 Bxg5 27.
Qxg5 Qd8 28. Qg4 Qe7 29. Rae1 Bc8 30. Qf3 Be6 31. g4 Qd7 32. Kh2 Rac8 33. a3
b4 34. axb4 Nxb4 35. Be4 Bd5 36. Bh4 Bxe4 37. Rxe4 Nd5 38. Rc1 Qb5 39. Re2
c3 40. bxc3 Nxc3 41. Rec2 Na2 42. Rf2 Qd7 43. Rxc8 Rxc8 44. Rxa2 Qxd4 45.
Bf6 Rc1 46. Qa8+ {Black resigns} 1-0

[Event "ICC tourney 1955 (60 10)"]
[Site "Internet Chess Club"]
[Date "2020.08.07"]
[Round "1"]
[White "gz99754539"]
[Black "VishyNo1"]
[Result "1-0"]
[ICCResult "Black checkmated"]
[WhiteElo "1987"]
[BlackElo "1914"]
[Opening "Two knights defense (Modern bishop's opening)"]
[ECO "C55"]
[NIC "IG.01"]
[Time "12:21:45"]
[TimeControl "3600+10"]

1. e4 e5 2. Nf3 Nc6 3. Bc4 Nf6 4. d3 Be7 5. c3 d6 6. O-O O-O 7. Nbd2 Na5 8.
Bb5 a6 9. Ba4 b5 10. Bc2 c5 11. Re1 Nc6 12. Nf1 Re8 13. d4 cxd4 14. cxd4 Bg4
15. dxe5 Nxe5 16. Bf4 Bxf3 17. gxf3 Rc8 18. Bb3 Nh5 19. Bg3 Nxg3 20. hxg3
Nc4 21. Bxc4 bxc4 22. Ne3 Bf6 23. Qc2 Re7 24. Rac1 Rec7 25. Red1 Rc5 26. Nf5
R8c6 27. Qe2 Qb8 28. Rc2 g6 29. Ne3 Qb5 30. Nd5 Bd8 31. f4 Kg7 32. Qd2 f6
33. Kg2 Qa4 34. f5 gxf5 35. Rh1 fxe4 36. Qh6+ Kf7 37. Qxh7+ Ke6 38. Qxe4+
Kd7 39. Qf5+ Ke8 40. Qe6+ Kf8 41. Rh8+ Kg7 42. Qg8# {Black checkmated} 1-0

[Event "ICC tourney 1955 (60 10)"]
[Site "Internet Chess Club"]
[Date "2020.08.07"]
[Round "1"]
[White "minitotoro"]
[Black "birdybird"]
[Result "1/2-1/2"]
[ICCResult "Game drawn by mutual agreement"]
[WhiteElo "1594"]
[BlackElo "1809"]
[Opening "Queen's pawn game, Darooha variation "]
[ECO "D02"]
[NIC "QP.08"]
[Time "12:21:55"]
[TimeControl "3600+10"]

1. d4 d5 2. Nf3 Nf6 3. g3 Bg4 4. Bg2 e6 5. O-O Be7 6. c4 O-O 7. Nbd2 c5 8.
b3 Nc6 9. Bb2 Rc8 10. Rc1 cxd4 11. Bxd4 Nxd4 12. Nxd4 e5 13. Nb5 a6 14. Nc3
Ba3 15. Rb1 Bf5 16. e4 dxe4 17. Ndxe4 Qd4 18. Nxf6+ gxf6 19. Qxd4 exd4 20.
Ne4 Bxe4 21. Bxe4 b5 22. Bb7 Rcd8 23. Bxa6 b4 24. Rfd1 Rfe8 25. Rd2
{Game drawn by mutual agreement}
1/2-1/2

[Event "ICC tourney 1955 (60 10)"]
[Site "Internet Chess Club"]
[Date "2020.08.07"]
[Round "1"]
[White "mdbgaccp"]
[Black "pianopro32"]
[Result "0-1"]
[ICCResult "White resigns"]
[WhiteElo "1803"]
[BlackElo "2078"]
[Opening "Queen's pawn game, Darooha variation "]
[ECO "D02"]
[NIC "QP.09"]
[Time "12:49:02"]
[TimeControl "3600+10"]

1. Nf3 d5 2. d4 Nf6 3. g3 b5 4. a4 b4 5. c3 e6 6. Bg2 c5 7. O-O a5 8. dxc5
Bxc5 9. cxb4 Bxb4 10. Nc3 Ba6 11. Bd2 Nc6 12. Nb5 Bxd2 13. Nxd2 Qb6 14. Nc4
dxc4 15. Qd6 Rc8 16. Rac1 Bxb5 17. axb5 Qxb5 18. b3 Ne7 19. Rxc4 Rxc4 20.
bxc4 Qd7 21. c5 O-O 22. Qb6 Rc8 23. Qxa5 Qc7 24. Qxc7 Rxc7 25. Rc1 g6 26. e3
Nd7 27. c6 Ne5 {White resigns} 0-1

[Event "ICC tourney 1955 (60 10)"]
[Site "Internet Chess Club"]
[Date "2020.08.07"]
[Round "1"]
[White "justice02"]
[Black "AlexEmmons"]
[Result "0-1"]
[ICCResult "White resigns"]
[WhiteElo "1825"]
[BlackElo "2107"]
[Opening "Sicilian defense"]
[ECO "B30"]
[NIC "SI.31"]
[Time "12:22:23"]
[TimeControl "3600+10"]

1. e4 c5 2. Nf3 Nc6 3. d3 g6 4. Be2 Bg7 5. O-O d6 6. Re1 e5 7. Nbd2 Nge7 8.
c3 O-O 9. Nc4 b5 10. Ne3 Rb8 11. h4 h6 12. Nh2 f5 13. exf5 gxf5 14. Bf3 d5
15. a4 a6 16. g3 Be6 17. axb5 axb5 18. Ra6 Qc8 19. Ra1 Kh7 20. Qc2 d4 21.
Ng2 c4 22. dxc4 bxc4 23. Qa4 e4 24. Nf4 dxc3 25. Nxe6 Qxe6 26. Rb1 cxb2 27.
Bf4 Be5 28. Be2 Bxf4 29. Bxc4 Qg6 30. Bb5 Be5 31. h5 Qf6 32. Red1 Ra8 33.
Qc2 Ra1 34. Nf1 Rxb1 35. Qxb1 Ra8 36. Qc2 Nd4 37. Qc4 Nxb5 38. Qxb5 Ra1 39.
Qd7 b1=Q {White resigns} 0-1

[Event "ICC tourney 1955 (60 10)"]
[Site "Internet Chess Club"]
[Date "2020.08.07"]
[Round "1"]
[White "saatvik"]
[Black "Arsalchess"]
[Result "0-1"]
[ICCResult "White checkmated"]
[WhiteElo "1784"]
[BlackElo "2015"]
[Opening "Réti: King's Indian attack"]
[ECO "A05"]
[NIC "QP.11"]
[Time "12:21:40"]
[TimeControl "3600+10"]

1. Nf3 Nf6 2. g3 g6 3. Bg2 Bg7 4. O-O O-O 5. c4 c6 6. Nc3 d5 7. d3 Nbd7 8.
cxd5 cxd5 9. Bf4 Re8 10. Qd2 e5 11. Bg5 Nc5 12. d4 exd4 13. Nxd4 Nce4 14.
Nxe4 dxe4 15. Nb5 Qb6 16. Nd6 Rd8 17. Nc4 Qc7 18. Qc3 Bf5 19. Rac1 Qe7 20.
Ne3 Qe6 21. Nxf5 Qxf5 22. Bxf6 Bxf6 23. Qb3 Bd4 24. e3 Bb6 25. Rc4 Re8 26.
h3 Re7 27. g4 Qg5 28. Rxe4 Rxe4 29. Bxe4 h5 30. f4 Qh4 31. Rf2 Qg3+ 32. Kf1
Qxh3+ 33. Rg2 Re8 34. Bd5 Rxe3 35. Qc4 Qh1+ 36. Rg1 Rf3+ 37. Ke2 Qh2+ 38.
Kd1 Qxg1+ 39. Ke2 Qg2+ 40. Ke1 Ba5+ 41. Qc3 Rf1# {White checkmated} 0-1

[Event "ICC tourney 1955 (60 10)"]
[Site "Internet Chess Club"]
[Date "2020.08.07"]
[Round "1"]
[White "xyzchessdude"]
[Black "sushivishwa"]
[Result "1-0"]
[ICCResult "Black resigns"]
[WhiteElo "2061"]
[BlackElo "1821"]
[Opening "English opening"]
[ECO "A05"]
[NIC "QP.11"]
[Time "12:21:45"]
[TimeControl "3600+10"]

1. Nf3 Nf6 2. c4 e6 3. g3 b6 4. Bg2 Bb7 5. O-O Nc6 6. b3 Be7 7. Bb2 d6 8. e3
Qd7 9. d4 Nd8 10. Nc3 Ne4 11. Qc2 f5 12. Rad1 Ng5 13. Nxg5 Bxg2 14. Kxg2
Bxg5 15. f4 Be7 16. e4 O-O 17. d5 e5 18. fxe5 dxe5 19. exf5 Nf7 20. Ne4 Bd6
21. Rf3 Nh6 22. Nxd6 cxd6 23. Rdf1 Rf6 24. Bc1 Raf8 25. Bxh6 Rxh6 26. Qd2
Qe8 27. g4 Qe7 28. h3 Qh4 29. Qe1 Qg5 30. Qe3 Qh4 31. Qf2 Qg5 32. Qe3 Qh4
33. Rg3 Rhf6 34. Rgf3 Rh6 35. g5 {Black resigns} 1-0

[Event "ICC tourney 1955 (60 10)"]
[Site "Internet Chess Club"]
[Date "2020.08.07"]
[Round "1"]
[White "PhenomenalChess"]
[Black "gardemarin13"]
[Result "0-1"]
[ICCResult "White resigns"]
[WhiteElo "1604"]
[BlackElo "1928"]
[Opening "Sicilian: closed"]
[ECO "B24"]
[NIC "SI.44"]
[Time "12:21:41"]
[TimeControl "3600+10"]

1. e4 c5 2. Nc3 g6 3. g3 Bg7 4. Bg2 Nc6 5. f4 d6 6. Nf3 Bg4 7. h3 Bxf3 8.
Bxf3 e6 9. d3 Nge7 10. O-O O-O 11. Be3 Rb8 12. g4 Nd4 13. Bg2 b5 14. Rb1 b4
15. Ne2 Nec6 16. g5 Qa5 17. Nc1 Qa4 18. Rf2 f6 19. h4 fxg5 20. hxg5 Rf7 21.
b3 Qa6 22. Qg4 Rbf8 23. Bf1 e5 24. f5 gxf5 25. Qh5 f4 26. Rh2 Bh8 27. g6 Rg7
28. Kh1 Qb7 29. gxh7+ Rxh7 30. Qg6+ Qg7 31. Qxh7+ Qxh7 32. Rxh7 Kxh7 33.
Bxd4 Nxd4 34. Rb2 f3 35. a3 Bg7 36. axb4 cxb4 37. Na2 a5 38. c3 bxc3 39.
Nxc3 Rb8 40. Nd1 Rxb3 41. Ra2 Rb1 42. Rh2+ Bh6 43. Ne3 Kg6 {White resigns}
0-1

[Event "ICC tourney 1955 (60 10)"]
[Site "Internet Chess Club"]
[Date "2020.08.07"]
[Round "1"]
[White "Kingforce"]
[Black "corviknight"]
[Result "1/2-1/2"]
[ICCResult "Game drawn by mutual agreement"]
[WhiteElo "1999"]
[BlackElo "1855"]
[Opening "Scotch: Göring gambit, Bardeleben variation"]
[ECO "C44"]
[NIC "SO.06"]
[Time "12:22:23"]
[TimeControl "3600+10"]

1. e4 e5 2. Nf3 Nc6 3. d4 exd4 4. c3 dxc3 5. Nxc3 Bb4 6. Bc4 Nf6 7. e5 d5 8.
exf6 dxc4 9. Qe2+ Be6 10. fxg7 Rg8 11. Bg5 Qd3 12. Bf6 Qxe2+ 13. Kxe2 Be7
14. Ne4 Bf5 15. Nfd2 Rd8 16. Rae1 Nd4+ 17. Kd1 Bxe4 18. Rxe4 Ne6 19. Bxe7
Kxe7 20. Rxc4 Rxg7 21. g3 c6 22. Re1 Rg5 23. Kc1 Rgd5 24. Nb3 Kf8 25. f4 c5
26. a4 a6 27. a5 Nd4 28. Nxd4 cxd4 29. b4 d3 30. Kd2 R5d6 31. Rc7 Rh6 32. h4
Rc6 33. Rxc6 bxc6 34. Rc1 Rd6 35. Rc3 Rd4 36. Rxc6 Rxb4 37. Rxa6 Ra4 38.
Ra8+ Kg7 39. a6 Ra2+ 40. Kxd3 Ra3+ 41. Ke4 Rxg3 42. a7 Ra3 43. Kd5 Ra1 44.
Ke5 Re1+ 45. Kf5 Ra1 46. Ke5 {Game drawn by mutual agreement} 1/2-1/2

[Event "ICC tourney 1955 (60 10)"]
[Site "Internet Chess Club"]
[Date "2020.08.07"]
[Round "1"]
[White "omegablitz"]
[Black "caracal"]
[Result "1/2-1/2"]
[ICCResult "Game drawn by mutual agreement"]
[WhiteElo "1758"]
[BlackElo "1970"]
[Opening "QGD: Charousek (Petrosian) variation"]
[ECO "D31"]
[NIC "QO.05"]
[Time "12:21:33"]
[TimeControl "3600+10"]

1. d4 d5 2. c4 e6 3. Nc3 Be7 4. cxd5 exd5 5. Bf4 c6 6. e3 Bf5 7. Nf3 h6 8.
Bd3 Bxd3 9. Qxd3 Nf6 10. O-O Nbd7 11. h3 O-O 12. Rac1 Re8 13. Ne5 Nxe5 14.
Bxe5 Nd7 15. Bh2 Nf6 16. Rfd1 Bd6 17. Bxd6 Qxd6 18. Na4 Ne4 19. Nc5 Nxc5 20.
dxc5 Qe5 21. Qd4 a5 22. Qxe5 Rxe5 23. Rd3 Re4 24. Rb3 Rb4 25. Rcc3 Rxb3 26.
Rxb3 Ra7 27. a4 Kf8 28. Kf1 Ke7 29. Ke2 Ke6 30. Kd3 Kd7 31. Kd4 Kc7 32. e4
dxe4 33. Rg3 g6 34. Kxe4 Ra8 35. Ke5 Re8+ 36. Kf6 Re2 37. Kxf7 Rxf2+ 38.
Kxg6 Rxb2 39. Kxh6 Rc2 40. Rg7+ Kc8 41. h4 Rxc5 42. g4 b5 43. axb5 cxb5 44.
g5 b4 45. g6 b3 46. Rf7 Rc6 47. Kg5 Rxg6+ 48. Kxg6 b2 49. Rf1 a4 50. h5 a3
51. Rb1 a2 52. Rxb2 a1=Q 53. Rg2 Qb1+ 54. Kh6 Qc1+ 55. Kh7 Kd7 56. h6 Qf4
57. Kg7 Qd4+ 58. Kh7 Qe4+ 59. Rg6 Ke7 60. Kg7 Qd4+ 61. Kh7 Kf7 62. Rg7+ Kf6
63. Rg6+ Kf5 64. Rg7 Qf6 65. Rg8 Qe7+ 66. Rg7 Qe6 67. Rg8 Qe4 68. Rg7 Kf6+
69. Kh8 Qh4 70. Kh7 Qh5 71. Rg8 Qd5 72. Rg6+ Kf7 73. Rg7+ Kf8 74. Kh8 Qc4
75. Kh7 Qe6 76. Rg1 Qf5+ 77. Kh8 Qh3 78. Rg8+ Kf7 79. Rg7+ Kf6 80. Kh7 Qh5
81. Rg8 Qf5+ 82. Kh8 Qd7 83. Rg7 Qd8+ 84. Kh7 Qe8 85. Rg8 Qd7+ 86. Rg7 Qh3
87. Rg6+ Kf5 88. Rg7 Qb3 89. Kh8 Kf6 90. Kh7 Qb8 91. Rg8 Qc7+ 92. Rg7 Qd8
93. Rg8 Qd3+ 94. Kh8 Qh3 95. Kh7 Qf5+ 96. Kh8 Qe5 97. Rg7 Qb8+ 98. Rg8 Qh2
99. Kh7 {Game drawn by mutual agreement} 1/2-1/2

[Event "ICC tourney 1955 (60 10)"]
[Site "Internet Chess Club"]
[Date "2020.08.07"]
[Round "1"]
[White "aauman"]
[Black "meghna"]
[Result "0-1"]
[ICCResult "White resigns"]
[WhiteElo "1593"]
[BlackElo "1926"]
[Opening "Dutch: Leningrad, main variation with Nc6"]
[ECO "A89"]
[NIC "QP.11"]
[Time "12:21:42"]
[TimeControl "3600+10"]

1. Nf3 f5 2. d4 Nf6 3. g3 g6 4. c4 Bg7 5. Nc3 d6 6. Bg2 Nc6 7. O-O O-O 8. a3
a6 9. Rb1 Qe8 10. b4 e5 11. dxe5 dxe5 12. Nd5 Nxd5 13. cxd5 Nd8 14. Bb2 Nf7
15. Qc2 Qe7 16. Rbc1 Rd8 17. Rfd1 Rd7 18. Ne1 Nd6 19. Nd3 b6 20. f4 exf4 21.
Nxf4 Bxb2 22. Qxb2 Bb7 23. Ne6 Ne4 24. Qb3 Kh8 25. Bxe4 fxe4 26. Qc3+ Kg8
27. Qe5 Qd6 28. Qxd6 cxd6 29. Ng5 Re7 30. Rc4 Rae8 31. e3 Re5 32. Ne6 Bxd5
33. Rxd5 Rxd5 34. Rxe4 Rd2 35. h4 d5 36. Re5 Ra2 37. h5 Rc8 {White resigns}
0-1

[Event "ICC tourney 1955 (60 10)"]
[Site "Internet Chess Club"]
[Date "2020.08.07"]
[Round "1"]
[White "Alexbander"]
[Black "xx99754539"]
[Result "0-1"]
[ICCResult "White checkmated"]
[WhiteElo "1712"]
[BlackElo "1960"]
[Opening "King's Indian: fianchetto, Uhlmann (Szabo) variation"]
[ECO "A24"]
[NIC "EO.14"]
[Time "12:22:24"]
[TimeControl "3600+10"]

1. c4 e5 2. Nc3 Nf6 3. g3 g6 4. Bg2 Bg7 5. Nf3 d6 6. O-O O-O 7. d4 Nc6 8. d5
Ne7 9. e4 Ne8 10. Bd2 f5 11. Rc1 Nf6 12. Ne1 fxe4 13. Nxe4 Nxe4 14. Bxe4 Bh3
15. Bg2 Bxg2 16. Kxg2 Nf5 17. Nf3 h6 18. Bc3 Qd7 19. Qd3 Rae8 20. Rce1 Qf7
21. Re4 g5 22. g4 Ne7 23. h3 Ng6 24. Bd2 Qxf3+ 25. Qxf3 Nh4+ 26. Kg3 Rxf3+
27. Kh2 c6 28. Be3 cxd5 29. cxd5 Rc8 30. a3 Rc2 31. Rb4 Rxe3 32. Rxb7 Ree2
33. Rxa7 Rxf2+ 34. Rxf2 Rxf2+ 35. Kg1 Rxb2 36. a4 e4 37. Re7 Nf3+ 38. Kf1
Bd4 39. Re8+ Kf7 40. Rb8 Rf2# {White checkmated} 0-1

[Event "ICC tourney 1955 (60 10)"]
[Site "Internet Chess Club"]
[Date "2020.08.07"]
[Round "1"]
[White "watermelon"]
[Black "playtowin2020"]
[Result "0-1"]
[ICCResult "White checkmated"]
[WhiteElo "1709"]
[BlackElo "1957"]
[Opening "Nimzo-Indian: Kmoch variation"]
[ECO "E20"]
[NIC "NI.30"]
[Time "12:39:32"]
[TimeControl "3600+10"]

1. d4 Nf6 2. c4 e6 3. Nc3 Bb4 4. f3 d5 5. cxd5 Nxd5 6. Qd2 Nc6 7. e4 Nxc3 8.
bxc3 Ba5 9. Ne2 O-O 10. Ba3 Re8 11. Rd1 Qf6 12. e5 Qd8 13. f4 Ne7 14. Ng3
Nd5 15. Ne4 Bd7 16. Bd3 Bc6 17. Rc1 Nb6 18. O-O Bxe4 19. Bxe4 Nc4 20. Bxh7+
Kh8 21. Qd3 Nxa3 22. Qh3 Qd7 23. Bg6+ Kg8 24. Qh7+ Kf8 25. Qh8+ Ke7 26. Qh4+
f6 27. exf6+ gxf6 28. Qh7+ Kd8 29. Qxd7+ Kxd7 30. Bxe8+ Rxe8 31. c4 Bd2 32.
Rcd1 Nxc4 33. Rf3 Ba5 34. d5 Bb6+ 35. Kh1 e5 36. fxe5 fxe5 37. h3 e4 38.
Rf7+ Kd6 39. Rf6+ Kc5 40. Re6 Nd6 41. h4 Rh8 42. g3 Kc4 43. Rf6 Bd4 44. Rg6
Kxd5 45. Rg5+ Kc4 46. Ra5 Bb6 47. Ra4+ Kc3 48. Ra3+ Kc2 49. Re1 e3 50. Re2+
Kd1 51. Rg2 Ne4 52. Rg1+ Ke2 53. Rg2+ Kf3 54. Ra4 Nxg3+ 55. Kh2 Ne4 56. Kh3
Nf2+ 57. Kh2 Ne4 58. Kh3 e2 59. Ra3+ Be3 60. Rg1 Nf2+ 61. Kh2 Rxh4#
{White checkmated}
0-1